 Dungeon Crawl Stone Soup version 0.30.0-29-ga12c61a403 (webtiles) character file.

Game seed: 10784271971382871189

25 Sabo the Gusty (level 2, -1/30 HPs)
             Began as a Draconian Air Elementalist on June 15, 2023.
             Was a Follower of Qazlal.
             Slain by an adder (2 damage)
             ... on level 2 of the Dungeon.
             The game lasted 00:06:24 (921 turns).

Sabo the Gusty (Draconian Air Elementalist)          Turns: 921, Time: 00:06:25

Health: -1/30      AC: 21    Str: 10    XL:     2   Next: 82%
Magic:  1/5        EV:  2    Int: 15    God:    Qazlal [*.....]
Gold:   28         SH:  1    Dex: 11    Spells: 5/6 levels left

rFire   . . .        d - +0 mace
rCold   . . .        (no shield)
rNeg    . . .        (body armour unavailable)
rPois   +            (helmet currently unavailable)
rElec   .            e - melded +0 cloak
rCorr   .            (gloves currently unavailable)
SInv    .            (boots currently unavailable)
Will    .....        (no amulet)
Stlth   ++           (no ring)
HPRegen 0.25/turn    (no ring)
MPRegen 0.09/turn

%: no passive effects
@: tree-form
A: stationary, stasis, torment immunity, boosted hp, AC +4, unfitting armour,
(cold-blooded)
a: Renounce Religion


You were on level 2 of the Dungeon.
You worshipped Qazlal.
Qazlal was aware of your devotion.
You were a tree.
You visited 1 branch of the dungeon, and saw 2 of its levels.

You collected 28 gold pieces.

Inventory:

Hand Weapons
 d - a +0 mace (weapon)
Armour
 e - a +0 cloak (melded)
Scrolls
 b - a scroll of fog {unknown}
Potions
 a - a potion of magic


   Skills:
 + Level 0.2 Maces & Flails
 + Level 1.9 Dodging
 + Level 1.7 Stealth
 + Level 2.6 Spellcasting
 + Level 1.0 Conjurations
 + Level 3.4 Air Magic


You had 5 spell levels left.
You knew the following spells:

 Your Spells              Type           Power      Damage    Failure   Level
a - Shock                 Conj/Air       32%        1d5       9%          1

Your spell library contained the following spells:

 Spells                   Type           Power      Damage    Failure   Level
 Static Discharge         Conj/Air       16%        2-3/arc   13%         2
 Swiftness                Air            12%        N/A       16%         3
 Airstrike                Air            6%         2d(1-17)  45%         4


Dungeon Overview and Level Annotations

Branches:
Dungeon (2/15)

Altars:
Qazlal

Annotations:
D:2 Terence


Innate Abilities, Weirdness & Mutations

You are a tree.
Your roots penetrate the ground, keeping you stationary.
You cannot be teleported.
You are immune to unholy pain and torment.
Your maximum health is greatly increased.
Your equipment is partially melded.
((Your plain brown scales are hard. (AC +4)))
You cannot fit into any form of body armour.
((You are cold-blooded and may be slowed by cold attacks.))


Message History

The gnoll hits you with a +0 flail.
You hit the gnoll.
The gnoll is moderately wounded.
The gnoll hits you with a +0 flail!
Ouch! That really hurt!
* * * LOW HITPOINT WARNING * * *
You completely miss the gnoll.
The gnoll is moderately wounded.
The gnoll barely misses you. The gnoll hits you with a +0 flail.
* * * LOW HITPOINT WARNING * * *
The gnoll attacks as you move away! The gnoll closely misses you.
The gnoll shouts!
You hear a shout!
You hear an angry hiss.
An adder comes into view.
The gnoll attacks as you move away! The gnoll barely misses you.
The adder closely misses you. The adder bites you.
* * * LOW HITPOINT WARNING * * *
You are lethally poisoned!
The adder poisons you!
* * * LOW HITPOINT WARNING * * *
You feel sick. The gnoll hits you but does no damage.
* * * LOW HITPOINT WARNING * * *
You feel sick. The adder closely misses you.
It was a potion of lignification.
You turn into a tree.
Your +0 cloak melds into your body.
Your roots penetrate the ground.
* * * LOW HITPOINT WARNING * * *
You feel sick.
The adder bites you but does no damage. x2
You cannot move.
You cannot move.
You closely miss the gnoll.
The gnoll is moderately wounded.
* * * LOW HITPOINT WARNING * * *
You feel sick.
You are no longer poisoned.
The adder bites you but does no damage. The gnoll hits you but does no damage.
You barely miss the gnoll.
The gnoll is moderately wounded.
The adder bites you but does no damage.
The gnoll hits you but does no damage. x2
The adder bites you.
You die...

#. #.. #.### #.#.#
#### #.#.# ..#
#####.#.####.#
#.....#......####
.##....gS......†..#
.......♣g.g.......'.#
..###.########.)..#.#
.. #....# # #. #....#
#. .. #....##### #
...###.......<#
........#######
........[......
.######......##


You could see 3 gnolls and an adder.

Vanquished Creatures
  A gnoll (D:2)
  A ball python (D:1)
  An endoplasm (D:1)
  A giant cockroach (D:1)
  A goblin (D:1)
  2 hobgoblins (D:1)
  2 bats
  4 frilled lizards (D:1)
  3 rats (D:1)
16 creatures vanquished.

Notes
Turn   | Place    | Note
-------+----------+-------------------------------------------
     0 | D:1      | Sabo the Draconian Air Elementalist began the quest for the
                  | Orb.
     0 | D:1      | Reached XP level 1. HP: 14/14 MP: 3/3
   199 | D:1      | Found a faded altar of an unknown god.
   211 | D:1      | Prayed at the altar of an unknown god.
   211 | D:1      | Became a worshipper of Qazlal Stormbringer
   211 | D:1      | Reached * piety under Qazlal
   352 | D:1      | Reached XP level 2. HP: 20/20 MP: 0/5
   863 | D:2      | Noticed Terence
   918 | D:2      | HP: 1/20 [poisoned by an adder]
   921 | D:2      | Slain by an adder

Illustrated notes

Levels and vault maps discovered:
D:1:      minmay_arrival_four_circles, layout_rooms,
          shapermc_ecumenical_altar_totnotflames
D:2:      layout_basic, st_stairs_4, kennysheep_generic_room_8, uniq_terence,
          uniq_crazy_yiuf_cottage

Action                     || total
---------------------------++-------
  Melee: Club              ||    12
         Unarmed           ||     5
         Mace              ||     5
   Cast: Shock             ||    30
    Use: Potion            ||     1
   Stab: Sleeping          ||     1
 Armour: Skin              ||    17
  Dodge: Dodged            ||    30
